 Dungeon Crawl Stone Soup version 0.28-a0-265-g048bc9fd10 (webtiles) character file.

Game seed: 3547053302106715169

54 theanonym the Sneak (level 3, 0/29 HPs)
             Began as a Mummy Delver on Aug 27, 2021.
             Was an Initiate of Gozag.
             Killed by divine providence
             ... invoked by an orc priest
              (13 damage)
             ... on level 4 of the Dungeon.
             The game lasted 00:04:26 (3492 turns).

theanonym the Sneak (Mummy Delver)                  Turns: 3492, Time: 00:04:27

Health: 0/29       AC:  3    Str: 16    XL:     3   Next: 66%
Magic:  3/3        EV: 11    Int:  9    God:    Gozag
Gold:   60         SH:  0    Dex: 13    Spells: 2/2 levels left

rFire   x . .      SeeInvis .   a - +0 mace
rCold   + . .      Faith    .   (no shield)
rNeg    + + +      Spirit   .   b - +0 leather armour
rPois   ∞          Reflect  .   (no helmet)
rElec   .          Harm     .   (no cloak)
rCorr   .          Rampage  .   (no gloves)
Will    .....                   (no boots)
Stlth   ++........              (no amulet)
HPRegen 0.09/turn               (no ring)
MPRegen 0.08/turn               (no ring)

@: no status effects
A: cold resistance 1, negative energy resistance 3, torment resistance 2, heat
vulnerability 1, no potions
a: Renounce Religion, Potion Petition, Call Merchant, Bribe Branch


Innate Abilities, Weirdness & Mutations

You are immune to poison.
Your flesh is cold resistant. (rC+)
You are immune to negative energy. (rN+++)
You are immune to unholy pain and torment.
You are vulnerable to heat. (rF-)
You do not drink.


   Skills:
 + Level 3.6 Fighting
 * Level 2.9 Maces & Flails
 - Level 1.5 Dodging
 - Level 4.1 Stealth


You had 2 spell levels left.
You didn't know any spells.
Your spell library contained the following spells:

 Spells                   Type           Power      Damage    Failure   Level
 Corpse Rot               Necr/Air       N/A        N/A       58%         2
 Poisonous Vapours        Pois/Air       0%         N/A       58%         2
 Static Discharge         Conj/Air       0%         N/A       58%         2
 Dispel Undead            Necr           0%         3d6       99%         4
 Sticky Flame             Conj/Fire      0%         2d3       99%         4
 Freezing Cloud           Conj/Ice/Air   0%         6-21      100%        5
 Conjure Ball Lightning   Conj/Air       0%         3x3d6     100%        6
 Malign Gateway           Summ/Tloc      0%         N/A       100%        7
 Discord                  Hex            0%         N/A       100%        8
 Disjunction              Tloc           0%         N/A       100%        8
 Summon Horrible Things   Summ           0%         N/A       100%        8

Skill      XL: |  1 |
---------------+----+-----
Maces & Flails | 2 |  2.9
Fighting       | |  3.6
Dodging        | |  1.5
Stealth        | |  4.1

Action                   || total
-------------------------++-------
Melee: Mace              ||   124
  Use: Scroll            ||     2
 Stab: Sleeping          ||     4
       Distracted        ||     2
Armor: Leather armour    ||    28
Dodge: Dodged            ||    79

Inventory:

Hand Weapons
 a - a +0 mace (weapon)
Armour
 b - a +0 leather armour (worn)
Wands
 c - a wand of digging (3)
Scrolls
 d - 4 scrolls of identify {unknown}
 f - 2 scrolls of fog
 h - a scroll of acquirement {unknown}
 i - a scroll of immolation {unknown}
 y - a scroll of magic mapping


You were on level 4 of the Dungeon.
You worshipped Gozag.
Gozag was noncommittal.
You visited 1 branch of the dungeon, and saw 5 of its levels.

You collected 147 gold pieces.
You paid 87 gold pieces to Gozag.

Dungeon Overview and Level Annotations

Branches:
Dungeon (5/15)
 Temple: D:4-7

Altars:
Dithmenos
Elyvilon
Gozag

Annotations:
D:4 Duvessa

#.# #.# #.#
#.# #.# #.#
#.#
########)#
#oeo@<...#
#.########
#.###...#
#.##.......#
#!....##...#
.# #####.#
## #.# #.#
#.# #.# #.#
#.#


You could see Duvessa, an orc priest and an orc.

Notes
Turn   | Place    | Note
-------+----------+-------------------------------------------
     0 | D:5      | theanonym the Mummy Delver began the quest for the Orb.
     0 | D:5      | Reached XP level 1. HP: 18/18 MP: 1/1
   137 | D:3      | HP: 8/18 [adder (4)]
   139 | D:3      | Reached skill level 2 in Maces & Flails
   139 | D:3      | Reached XP level 2. HP: 11/24 MP: 2/2
   481 | D:1      | Found a faded altar of an unknown god.
  1398 | D:3      | Reached XP level 3. HP: 28/29 MP: 3/3
  1802 | D:3      | Found an opulent altar of Gozag.
  1943 | D:3      | Found a shadowy altar of Dithmenos.
  1953 | D:3      | HP: 11/29 [worm (5)]
  1956 | D:3      | HP: 1/29 [worm (10)]
  2386 | D:3      | HP: 13/29 [adder (3)]
  2827 | D:3      | HP: 9/29 [worm (11)]
  2925 | D:3      | Became a worshipper of Gozag Ym Sagoz the Greedy
  3215 | D:4      | HP: 5/29 [iguana (13)]
  3491 | D:4      | HP: 12/29 [orc priest (5)]
  3491 | D:4      | Noticed Duvessa
  3492 | D:4      | Killed from afar by an orc priest

Vanquished Creatures
  3 adders (D:3)
  An orc (D:4)
  7 ball pythons
  An endoplasm (D:3)
  A giant cockroach (D:1)
  2 goblins
  A quokka (D:3)
  3 bats
  A frilled lizard (D:3)
  5 kobolds
  A rat (D:3)
  A spectral kobold (D:1)
27 creatures vanquished.

Table legend: (Time is in decaauts)
 A = Elapsed time spent in this place.
 B = Non-inter-level travel time spent in this place.
 C = Inter-level travel time spent in this place.
 D = Time resting spent in this place.
 E = Time spent auto-exploring this place.
 F = Levels seen in this place.
 G = Mean time per level.
                   A        B        C        D        E       F      G
               +--------+--------+--------+--------+--------+-----+--------+
         Total |   3536 |   3314 |    222 |   1109 |   1618 |   5 |  707.2 |
       Dungeon |   3536 |   3314 |    222 |   1109 |   1618 |   5 |  707.2 |
               +--------+--------+--------+--------+--------+-----+--------+

Top non-repeatable levels by time:
     D:3: 2201 daAuts
     D:1: 646 daAuts
     D:2: 398 daAuts
     D:4: 276 daAuts
     D:5: 13 daAuts
